 Dungeon Crawl Stone Soup version 0.30-a0-591-g3c58d2bc28 (webtiles) character file.

Game seed: 853780472616607262

439 CraigOfTheCreek the Slasher (level 7, -10/57 HPs)
             Began as a Meteoran Reaver on Jan 5, 2023.
             Mangled by a black bear (11 damage)
             ... on level 5 of the Dungeon.
             The game lasted 00:10:18 (2095 turns).

CraigOfTheCreek the Slasher (Meteoran Reaver)       Turns: 2095, Time: 00:10:19

Health: -10/57     AC:  4    Str: 12 (15) XL:     7   Next: 46%
Magic:  12/12      EV: 13    Int: 15 (16) God:
Gold:   185        SH:  5    Dex: 17 (18) Spells: 10/11 levels left

rFire   . . .      SeeInvis .    a - +1 falchion
rCold   . . .      Faith    .    (no shield)
rNeg    . . .      Spirit   .    b - +0 leather armour
rPois   .          Reflect  +    c - +0 helmet
rElec   .          Harm     .    (no cloak)
rCorr   .          Rampage  .    (no gloves)
Will    .....                    (no boots)
Stlth   +                        k - amulet of reflection
HPRegen 0.29/turn                o - +6 ring of dexterity
MPRegen 0.13/turn                (no ring)

@: hasted, glowing, very quick
A: sense surroundings 1, otherworldly, glowing, explore regen
a: no special abilities


You were on level 5 of the Dungeon.
You visited 1 branch of the dungeon, and saw 5 of its levels.

You collected 185 gold pieces.

Inventory:

Hand Weapons
 a - a +1 falchion (weapon)
 e - a +0 scythe
Armour
 b - a +0 leather armour (worn)
 c - a +0 helmet (worn)
Jewellery
 k - an amulet of reflection (around neck)
 o - a +6 ring of dexterity (left hand)
Scrolls
 f - a scroll of immolation
 g - a scroll of magic mapping {unknown}
 h - a scroll of poison {unknown}
 i - 3 scrolls of fear {unknown}
Potions
 d - 3 potions of invisibility (quivered)
 j - a potion of flight {unknown}
 m - a potion of degeneration


   Skills:
 + Level 3.0 Fighting
 + Level 6.7 Long Blades
 + Level 3.3 Armour
 + Level 3.6 Dodging
 + Level 0.1 Stealth
 + Level 2.4 Shields
 + Level 2.7 Spellcasting
 + Level 4.0 Conjurations


You had 10 spell levels left.
You knew the following spells:

 Your Spells              Type           Power      Damage    Failure   Level
a - Kiss of Death         Conj/Necr      32%        2d7       12%         1

Your spell library contained the following spells:

 Spells                   Type           Power      Damage    Failure   Level
 Magic Dart               Conj           56%        1d5       4%          1
 Momentum Strike          Conj/Tloc      16%        3d8       17%         2
 Hailstorm                Conj/Ice       8%         3d4       34%         3
 Blink                    Tloc           4%         N/A       36%         2
 Call Imp                 Summ           2%         N/A       36%         2
 Mephitic Cloud           Conj/Pois/Air  6%         N/A       41%         3
 Manifold Assault         Tloc           2%         N/A       95%         4
 Storm Form               Tmut/Air       1%         N/A       100%        7


Dungeon Overview and Level Annotations

Branches:
Dungeon (5/15) Zot: 885
 Temple: D:4-7

Altars:
Nemelex Xobeh
Sif Muna
Xom

Shops:
D:3 =


Innate Abilities, Weirdness & Mutations

You passively map a small area around you.
You are easily found by Zot.
You glow in the dark.
You regain HP and MP as you explore.


Message History

You slash the black bear!
The black bear is moderately wounded.
You closely miss the black bear.
The black bear is moderately wounded.
The black bear bites you.
* * * LOW HITPOINT WARNING * * *
The black bear barely misses you. The black bear closely misses you.
You hit the black bear.
The black bear is heavily wounded.
The black bear barely misses you. You block the black bear's attack. x2
You hit the black bear.
The black bear is severely wounded.
You hit the black bear.
The black bear is almost dead.
The black bear goes berserk!
You barely miss the black bear.
The black bear is almost dead.
You block the black bear's attack. The black bear completely misses you.
The black bear closely misses you.
You slash the black bear!
The black bear is almost dead.
The black bear bites you.
* * * LOW HITPOINT WARNING * * *
The black bear claws you.
* * * LOW HITPOINT WARNING * * *
The black bear misses you.
You hit the black bear but do no damage.
The black bear is almost dead.
The black bear misses you. The black bear claws you.
* * * LOW HITPOINT WARNING * * *
The black bear claws you.
* * * LOW HITPOINT WARNING * * *
The black bear completely misses you. The black bear claws you.
* * * LOW HITPOINT WARNING * * *
The black bear barely misses you.
It was a potion of degeneration.
There was something very wrong with that liquid.
You feel weakened.
You feel dopey.
You feel clumsy. The black bear bites you!
You die...

#......# ##>...
#......# #....# *
#......# #.##.######
######.####.##......##
#......##.......## *
**#####..#.........# *
~ ~ ##..#.......$?# *~
###........†.)..#
+...###...@.....# ~ ,
~##..# #....h....# ~
#...# ##..$....## **
#.### #.........# *
..# #.........# *...#
#.........# #.##
#..<......# #,
#....!....#
##.......##


You could see a black bear (berserk).

Vanquished Creatures
  Sigmund (D:4)
  A necrophage (D:4)
  2 howler monkeys
  A hound (D:5)
  An orc priest (D:3)
  4 adders
  A shadow imp (D:5)
  A worm (D:2)
  4 orcs (D:3)
  7 endoplasms
  2 giant cockroaches (D:1)
  5 goblins
  5 hobgoblins
  4 quokkas
  A ball python (D:3)
  4 bats
  4 kobolds
  4 rats
52 creatures vanquished.

Notes
Turn   | Place    | Note
-------+----------+-------------------------------------------
     0 | D:1      | CraigOfTheCreek the Meteoran Reaver began the quest for the
                  | Orb.
     0 | D:1      | Reached XP level 1. HP: 17/17 MP: 5/5
   107 | D:1      | Reached XP level 2. HP: 16/24 MP: 6/6
   129 | D:1      | Reached skill level 4 in Long Blades
   378 | D:1      | Reached XP level 3. HP: 27/30 MP: 8/8
   492 | D:1      | Glimpsed the power of Zot.
   719 | D:2      | Reached XP level 4. HP: 25/37 MP: 9/9
   731 | D:2      | Found a sparkling altar of Nemelex Xobeh.
  1032 | D:2      | Reached skill level 5 in Long Blades
  1089 | D:2      | Glimpsed the power of Zot.
  1224 | D:3      | Reached skill level 1 in Armour
  1551 | D:3      | Found Esovew's Jewellery Shop.
  1688 | D:3      | Reached XP level 5. HP: 19/42 MP: 10/10
  1688 | D:3      | Glimpsed the power of Zot.
  1738 | D:3      | Glimpsed the power of Zot.
  1763 | D:4      | Noticed a necrophage
  1771 | D:4      | Killed a necrophage
  1772 | D:4      | Reached XP level 6. HP: 44/50 MP: 11/11
  1826 | D:4      | Found a shimmering altar of Xom.
  1826 | D:4      | Found a shimmering blue altar of Sif Muna.
  1826 | D:4      | Noticed Sigmund
  1831 | D:4      | Reached skill level 1 in Shields
  1862 | D:4      | Killed Sigmund
  1863 | D:4      | Reached skill level 6 in Long Blades
  1863 | D:4      | Reached XP level 7. HP: 15/57 MP: 12/12
  1991 | D:5      | Entered Level 5 of the Dungeon
  2094 | D:5      | HP: 1/57 [black bear (3)]
  2095 | D:5      | Mangled by a black bear

Illustrated notes

Levels and vault maps discovered:
D:1:      shiori_arrival_oz, layout_basic
D:2:      layout_loops_ring, basic_altar, dk_noncrumbling_4
D:3:      layout_loops_ring, serial_shops, nicolae_square_shop, st_stairs_3,
          minmay_misc_feat_square, hangedman_decor_growths, grunt_ministairs_2,
          guppyfry_early_lair_pool
D:4:      layout_basic, nzn_hepliaklqana_mist_gate,
          gammafunk_temple_overflow_pools, uniq_sigmund
D:5:      layout_rooms, serial_shops, kennysheep_little_box

Skill      XL: |  1  2  3  4  5  6  7 |
---------------+----------------------+-----
Long Blades    | 4 5 6 |  6.7
Conjurations   | 4 |  4.0
Armour         | 1 2 3 |  3.3
Dodging        | 3 |  3.6
Shields        | 1 2 |  2.4
Fighting       | 3 |  3.0
Stealth        | |  0.1
Spellcasting   | |  2.7

Action                   |  1- 3 |  4- 6 |  7- 9 || total
-------------------------+-------+-------+-------++-------
Melee: Falchion          |    67 |    90 |    37 ||   194
  Use: Scroll            |     2 |     3 |       ||     5
       Potion            |     1 |     3 |     2 ||     6
Armor: Leather armour    |    34 |    47 |    11 ||    92
Dodge: Dodged            |    35 |    67 |    31 ||   133
Block: Other             |       |    28 |     9 ||    37

Table legend: (Time is in decaauts)
 A = Elapsed time spent in this place.
 B = Non-inter-level travel time spent in this place.
 C = Inter-level travel time spent in this place.
 D = Time resting spent in this place.
 E = Time spent auto-exploring this place.
 F = Levels seen in this place.
 G = Mean time per level.
                   A        B        C        D        E       F      G
               +--------+--------+--------+--------+--------+-----+--------+
         Total |   2114 |   2114 |      0 |     32 |    824 |   5 |  422.8 |
       Dungeon |   2114 |   2114 |      0 |     32 |    824 |   5 |  422.8 |
               +--------+--------+--------+--------+--------+-----+--------+

Top non-repeatable levels by time:
     D:3: 636 daAuts
     D:2: 603 daAuts
     D:1: 532 daAuts
     D:4: 242 daAuts
     D:5: 98 daAuts
